 Dungeon Crawl Stone Soup version 0.29.0-13-gc9e81de378 (webtiles) character file.

Game seed: 15864121654395275625

148 enile the Digger (level 5, -8/34 HPs)
             Began as an Octopode Earth Elementalist on Sept 8, 2022.
             Was a Follower of Wu Jian.
             Mangled by an ogre
             ... wielding a +0 giant spiked club
              (19 damage)
             ... on level 3 of the Dungeon.
             The game lasted 00:02:55 (3277 turns).

enile the Digger (Octopode Earth Elementalist)      Turns: 3277, Time: 00:02:56

Health: -8/34      AC:  1    Str:  7    XL:     5   Next: 30%
Magic:  9/9        EV: 13    Int: 20    God:    Wu Jian [*.....]
Gold:   89         SH:  0    Dex: 12    Spells: 7/10 levels left

rFire   . . .      SeeInvis .   b - +0 dagger
rCold   . . .      Faith    .   (no shield)
rNeg    . . .      Spirit   .   (helmet restricted)
rPois   .          Reflect  .   (no amulet)
rElec   .          Harm     .   g - +4 ring of slaying
rCorr   .          Rampage  .   (no ring)
Will    .....                   (no ring)
Stlth   +++.......              (no ring)
HPRegen 0.11/turn               (no ring)
MPRegen 0.11/turn               (no ring)
                                (no ring)
                                (no ring)

@: no status effects
A: almost no armour, amphibious, 8 rings, camouflage 1, gelatinous body 1,
(nimble swimmer 1), tentacles
a: Renounce Religion


You were on level 3 of the Dungeon.
You worshipped Wu Jian.
Wu Jian was aware of your devotion.
You visited 1 branch of the dungeon, and saw 3 of its levels.

You collected 89 gold pieces.

Inventory:

Hand Weapons
 b - a +0 dagger (weapon)
Missiles
 h - 6 poisoned darts
Jewellery
 g - a +4 ring of slaying (left tentacle)
Scrolls
 c - a scroll of noise {unknown}
 d - 2 scrolls of fog {unknown}
 e - 2 scrolls of identify {unknown}
 i - a scroll of enchant armour {unknown}
Potions
 a - a potion of magic
 f - 2 potions of curing {unknown}
 j - a potion of heal wounds {unknown}


   Skills:
 - Level 2.0 Fighting
 - Level 3.0 Dodging
 + Level 3.0 Stealth
 - Level 3.0 Spellcasting
 - Level 1.0 Transmutations
 - Level 4.0 Earth Magic


You had 7 spell levels left.
You knew the following spells:

 Your Spells              Type           Power      Damage    Failure   Level
a - Sandblast             Erth           38%        2d10      2%          1
b - Passwall              Tmut/Erth      10%        N/A       8%          2

Your spell library contained the following spells:

 Spells                   Type           Power      Damage    Failure   Level
 Necrotise                Necr           12%        1d4       14%         1
 Stone Arrow              Conj/Erth      22%        3d8       19%         3
 Vampiric Draining        Necr           3%         2d6       38%         3
 Petrify                  Tmut/Erth      13%        N/A       45%         4
 Agony                    Necr           3%         N/A       98%         5


Dungeon Overview and Level Annotations

Branches:
Dungeon (3/15)

Altars:
Wu Jian


Innate Abilities, Weirdness & Mutations

You cannot wear most types of armour.
You are amphibious.
You can wear up to eight rings at the same time.
Your skin changes colour to match your surroundings (Stealth+).
Your rubbery body absorbs attacks. (AC +1, EV +1)
((You are camouflaged when in or above water. (Stealth+)))
You have tentacles for arms and can constrict up to eight enemies at once.


Message History

There is a large open door here.
A giant cockroach comes into view.
Casting: Sandblast (safe; 2% risk of failure)
Confirm with . or Enter, or press ? or * to list all spells.
You can't see any susceptible monsters within range! (Use Z to cast anyway.)
A giant cockroach is nearby!
A giant cockroach is nearby!
A giant cockroach is nearby!
You see here a cyan potion.
The helpless giant cockroach fails to defend itself.
You puncture the giant cockroach!
You kill the giant cockroach!
The Council accepts your kill.
No target in view!
No target in view!
No target in view!
j - a cyan potion You open the door.
There is an open door here.
There is an escape hatch in the floor here.
Key pressed, stopping explore.
An ogre comes into view. It is wielding a +0 giant spiked club.
Found 17 gold pieces.
The ogre shouts!
You hit the ogre.
The ogre is lightly wounded.
The ogre barely misses you.
You hit the ogre.
The ogre is lightly wounded.
Okay, then.
The ogre attacks as you move away!
The ogre hits you with a +0 giant spiked club!!
Ouch! That really hurt!
Okay, then.
Okay, then.
You aren't carrying any items that you can evoke.
The ogre attacks as you move away!
The ogre hits you with a +0 giant spiked club!!
Ouch! That really hurt!
You die...

#.#
#..........#'#####..÷.......
..#
#.#.###.<.....).............
### #.#.#
#...................##
###.#.#
#.........÷...........
###...#.#
#...........#.........
........#
#...........#....#....
........#
#...........#....#....
.......##
#...........##.#.....
.......# #.....@.....# .#.##
.......##########O##+## #
............#####....###+
.###........#........$... .#
#........#............ .#
#........#..........$. .#
#........#............ ##
#........#.........##.
#......†.#..........#


You could see an ogre.

Vanquished Creatures
  An orc wizard (D:1)
  4 adders (D:2)
  2 worms (D:2)
  2 dart slugs
  3 orcs (D:2)
  6 ball pythons
  6 endoplasms
  5 giant cockroaches
  6 goblins
  5 hobgoblins
  5 jackals (D:1)
  3 quokkas
  11 bats
  2 frilled lizards
  3 kobolds
  8 rats
72 creatures vanquished.

Notes
Turn   | Place    | Note
-------+----------+-------------------------------------------
     0 | D:1      | enile the Octopode Earth Elementalist began the quest for
                  | the Orb.
     0 | D:1      | Reached XP level 1. HP: 11/11 MP: 3/3
   117 | D:1      | Reached skill level 1 in Fighting
   200 | D:1      | Reached XP level 2. HP: 18/18 MP: 3/5
   549 | D:1      | Reached XP level 3. HP: 24/24 MP: 3/6
   552 | D:1      | Learned a level 2 spell: Passwall
  1007 | D:1      | Found a faded altar of an unknown god.
  1275 | D:1      | Prayed at the altar of an unknown god.
  1275 | D:1      | Became a worshipper of the Wu Jian Council
  1275 | D:1      | Reached * piety under Wu Jian
  1459 | D:2      | HP: 1/24 [poisoned by an adder]
  1896 | D:2      | Reached XP level 4. HP: 29/29 MP: 6/8
  2444 | D:2      | Reached XP level 5. HP: 22/34 MP: 0/9
  3090 | D:3      | Reached skill level 4 in Earth Magic
  3265 | D:3      | Noticed an ogre
  3277 | D:3      | Mangled by an ogre

Illustrated notes

Levels and vault maps discovered:
D:1:      psy_arrival_fountain, layout_loops_cross,
          chequers_ecumenical_altar_island
D:2:      layout_basic
D:3:      layout_basic, minivault_23, kennysheep_generic_room_5

Skill      XL: |  1  2  3  4  5 |
---------------+----------------+-----
Fighting       | 1 2 |  2.0
Stealth        | 3 |  3.0
Spellcasting   | 3 |  3.0
Dodging        | 3 |  3.0
Earth Magic    | 4 |  4.0
Transmutations | |  1.0

Action                   |  1- 3 |  4- 6 || total
-------------------------+-------+-------++-------
Melee: Dagger            |    29 |    16 ||    45
       Constrict         |     8 |     3 ||    11
       Tentacles         |     3 |     4 ||     7
 Cast: Sandblast         |    47 |    47 ||    94
Invok: Lunge             |       |     2 ||     2
  Use: Potion            |       |     1 ||     1
 Stab: Sleeping          |     2 |     3 ||     5
Armor: Skin              |     1 |     1 ||     2
Dodge: Dodged            |    36 |    22 ||    58
